 Dungeon Crawl Stone Soup version 0.25.0-1-g7eea58d2a3 (webtiles) character file.

Game seed: 17955419115434965349

147 nikku the Conjurer (level 5, -1/30 HPs)
             Began as a Deep Elf Conjurer on June 12, 2020.
             Killed by divine providence
             ... invoked by an orc priest
              (15 damage)
             ... on level 4 of the Dungeon on June 13, 2020.
             The game lasted 00:09:08 (2751 turns).

nikku the Conjurer (Deep Elf Conjurer)              Turns: 2751, Time: 00:09:09

Health: -1/30      AC:  3    Str:  5    XL:     5   Next: 7%
Magic:  3/14       EV: 17    Int: 21    God:
Gold:   201        SH:  0    Dex: 15    Spells: 10/13 levels left

rFire    . . .     SeeInvis .   m - +0 hunting sling
rCold    . . .     Gourm    .   (no shield)
rNeg     . . .     Faith    .   a - +0 robe
rPois    .         Spirit   .   (no helmet)
rElec    .         Reflect  .   b - +0 cloak
rCorr    .         Harm     .   (no gloves)
MR       .....                  (no boots)
Stlth    ++........             (no amulet)
HPRegen  0.10/turn              h - ring of flight
MPRegen  0.14/turn              i - +4 ring of evasion

@: very slightly contaminated
A: no striking features
a: Evoke Flight


You were on level 4 of the Dungeon.
You were not hungry.

You visited 1 branch of the dungeon, and saw 4 of its levels.

You collected 201 gold pieces.

Inventory:

Hand Weapons
 g - a +0 short sword
 m - a +0 hunting sling (weapon)
Missiles
 l - 78 stones (quivered)
 n - 28 poisoned darts
Armour
 a - a +0 robe (worn)
 b - a +0 cloak (worn)
Jewellery
 h - a ring of flight (left hand)
 i - a +4 ring of evasion (right hand)
Scrolls
 e - a scroll of teleportation
 o - 3 scrolls of identify
 p - a scroll of fog
 q - a scroll of enchant weapon {unknown}
 r - a scroll of remove curse
Potions
 d - a potion of degeneration {unknown}
 f - a potion of lignification {unknown}
 j - 2 potions of flight
 k - 2 potions of magic
Comestibles
 c - 5 rations


   Skills:
 + Level 2.1 Fighting
 - Level 2.4 Dodging
 - Level 2.4 Stealth
 + Level 4.8 Spellcasting
 + Level 5.4 Conjurations


You had 10 spell levels left.
You knew the following spells:

 Your Spells              Type           Power        Failure   Level  Hunger
a - Magic Dart            Conj           ####         1%          1    None
b - Searing Ray           Conj           ####..       1%          2    None

Your spell library contained the following spells:

 Spells                   Type           Power        Failure   Level  Hunger
 Dazzling Flash           Conj/Hex       ###...       11%         3    ##.....
 Fulminant Prism          Conj/Hex       ###.......   36%         4    ####...
 Iskenderun's Mystic Bla  Conj/Tloc      ###.....     36%         4    ####...


Dungeon Overview and Level Annotations

Branches:
Dungeon (4/15)
 Temple: D:4-7

Altars:
Fedhas
Uskayaw
Wu Jian


Message History

The orc wizard points at you and mumbles some strange words.
The puff of flame hits you! The orc wizard completely misses you.
The orc priest misses you.
The orc wizard hits you with a +0 dagger.
You feel less confused.
The orc wizard casts a spell.
The orc wizard flickers and vanishes!
Deactivating autopickup; reactivate with Ctrl-A.
Casting: Searing Ray (safe; 1% risk of failure)
Confirm with . or Enter, or press ? or * to list all spells.
Aiming: Searing Ray (safe; 1% risk of failure)
Press: ? - help, Shift-Dir - straight line, f - orc priest
Aim: an orc priest, wielding a +0 flail You miscast Searing Ray.
You are very lightly contaminated with residual magic.
Nothing appears to happen.
The orc priest calls down the wrath of Beogh upon you.
Beogh smites you!
Ouch! That really hurt!
You die...

#. #) #.# #. #.# ##'##
... ##...## #.# ##.....##
### #.# ##......{##
##.###.#
#.......o.####...##.#####
+.......@.'..............
#.........####...##.#####
##.......## ##.###.#
##.....## ### #.# ##...##
#)# ##+# #.# ..# ###


You could see an orc priest.

Vanquished Creatures
  An orc priest (D:4)
  Jessica (D:3)
  An iguana (D:4)
  2 adders
  An adder skeleton (D:4)
  A worm (D:3)
  2 leopard geckos
  5 orcs
  3 giant cockroaches (D:2)
  2 goblins
  5 hobgoblins
  5 kobolds
  A quokka (D:4)
  3 bats
  4 frilled lizards (D:2)
  A rat (D:3)
38 creatures vanquished.

Notes
Turn   | Place    | Note
-------+----------+-------------------------------------------
     0 | D:1      | nikku the Deep Elf Conjurer began the quest for the Orb.
     0 | D:1      | Reached XP level 1. HP: 10/10 MP: 6/6
   524 | D:1      | Reached XP level 2. HP: 16/16 MP: 6/8
   712 | D:2      | Learned a level 2 spell: Searing Ray
   932 | D:2      | Reached skill level 1 in Fighting
  1004 | D:2      | Reached XP level 3. HP: 20/20 MP: 2/10
  1317 | D:2      | Found a faded altar of an unknown god.
  1924 | D:3      | Noticed Jessica
  1932 | D:3      | Killed Jessica
  1932 | D:3      | Reached skill level 5 in Conjurations
  1932 | D:3      | Reached XP level 4. HP: 25/25 MP: 9/12
  1933 | D:3      | Upgraded the game from 0.25.0 to 0.25.0-1-g7eea58d2a3
  2206 | D:3      | Found a blossoming altar of Fedhas.
  2211 | D:3      | Found a hide-covered altar of Uskayaw.
  2414 | D:3      | Found an ornate altar of the Wu Jian Council.
  2465 | D:3      | Learned a level 2 spell: Searing Ray
  2735 | D:4      | Reached XP level 5. HP: 30/30 MP: 7/14
  2751 | D:4      | Killed from afar by an orc priest

Illustrated notes

Levels and vault maps discovered:
D:1:      eino_arrival_tree_alley, layout_rooms, serial_forest,
          infiniplex_forest_straight_4, infiniplex_forest_zigzag_2,
          infiniplex_forest_clump_C, infiniplex_forest_lined_corner,
          infiniplex_forest_end_1, hex_tiny
D:2:      layout_basic, chequers_ecumenical_altar_grove
D:3:      layout_rooms, nicolae_overflow_hidden_temple, first_ration,
          uniq_jessica
D:4:      layout_loops_corners, supply_closet_lemuel

Skill      XL: |  1  2  3  4 |
---------------+-------------+-----
Fighting       | 1 2 |  2.1
Spellcasting   | 4 |  4.8
Conjurations   | 5 |  5.4
Dodging        | |  2.4
Stealth        | |  2.4

Action                   |  1- 3 |  4- 6 || total
-------------------------+-------+-------++-------
Melee: Hunting sling     |       |     1 ||     1
 Fire: Hunting sling     |       |     2 ||     2
 Cast: Magic Dart        |    58 |    19 ||    77
       Searing Ray       |     1 |     4 ||     5
  Use: Scroll            |     9 |     1 ||    10
  Eat: Chunk             |     3 |     2 ||     5
Dodge: Dodged            |     4 |     4 ||     8
